AoeStats
← joanetfv98

Arabia

509834350Analyzed
1v1 RM · 3d ago on Sep 28, 2026· 59m 22s· 2 players
Game mode
Random Map
Map size
Tiny (2 player)
Population
200
Speed
Normal
Resources
Standard
Victory
Conquest
Starting age
Dark Age
Ending age
Imperial Age
RankedLock teamsTeams togetherTeam positionsShared explorationLock speedFull tech treeHidden civsTurbo modeCheats
Victory
Defeat
🇨🇳 Huns · China
627
+18
🇪🇸 Vietnamese · Spain
664
-22
1813525331
11:05 Feudal Age
12:22 Double-Bit Axe
12:20 Horse Collar
13:20 Wheelbarrow
12:33 Loom
15:21 Gold Mining
15:30 Arson
23:53 Castle Age
22:11 Padded Archer Armor
22:22 Forging
22:18 Scale Barding Armor
22:14 Scale Mail Armor
22:12 Fletching
23:07 Stone Mining
23:58 Elite Skirmisher
24:48 Thumb Ring
26:07 Bloodlines
26:58 Light Cavalry
27:12 Pikeman
27:53 Squires
29:03 Heavy Plow
32:45 Chain Barding Armor
32:41 Chain Mail Armor
34:20 Gold Shaft Mining
34:04 Hand Cart
34:23 Town Watch
40:13 Imperial Age
41:21 Conscription
41:32 Conscription
55:12 Town Patrol
joanetfv98
4:46 Loom
14:04 Feudal Age
14:57 Double-Bit Axe
17:10 Gold Mining
21:55 Padded Archer Armor
22:09 Fletching
22:12 Horse Collar
24:30 Bloodlines
29:28 Castle Age
28:31 Scale Barding Armor
30:43 Thumb Ring
32:32 Bow Saw
33:51 Wheelbarrow
34:00 Crossbowman
37:57 Stone Mining
46:54 Leather Archer Armor
46:35 Bodkin Arrow
47:06 Chain Barding Armor
48:38 Stone Shaft Mining
48:19 Squires
47:42 Pikeman
Connection lost

Rejoining the realm…

Still unreachable

The connection could not be restored.

Session expired

The server has moved on; the page needs a fresh start.